 Dungeon Crawl Stone Soup version 0.21-a0-88-g13b9641 (webtiles) character file.

11015 grindst0ne the Protected (level 12, 0/99 HPs)
             Began as a Formicid Fighter on June 27, 2017.
             Was a High Priest of Okawaru.
             Killed by Ozocubu's Refrigeration
             ... invoked by Fannar
              (15 damage)
             ... on level 9 of the Dungeon.
             The game lasted 00:25:24 (13725 turns).

grindst0ne the Protected (Formicid Fighter)        Turns: 13725, Time: 00:25:25

Health: 0/99       AC: 16    Str: 30    XL:     12   Next: 2%
Magic:  12/12      EV:  8    Int:  7    God:    Okawaru [*****.]
Gold:   110        SH: 12    Dex: 15    Spells: 11/11 levels left

rFire    . . .     SeeInvis +   a - +0 long sword
rCold    . . .     Gourm    .   c - +0 shield
rNeg     . . .     Faith    .   E - +0 chain mail
rPois    +         Spirit   .   (helmet unavailable)
rElec    .         Reflect  .   D - +0 cloak {rPois}
rCorr    .         Harm     .   (no gloves)
MR       +....                  k - +1 pair of boots
Stlth    ..........             e - amulet of magic regeneration
HPRegen  0.26/turn              z - +3 ring of strength
MPRegen  0.38/turn              i - +5 ring of dexterity

@: no status effects
A: permanent stasis, dig shafts and tunnels, four strong arms, antennae 3
a: Dig, Shaft Self, Heroism, Finesse, Renounce Religion


You were on level 9 of the Dungeon.
You worshipped Okawaru.
Okawaru was extremely pleased with you.
You were not hungry.

You visited 3 branches of the dungeon, and saw 12 of its levels.

You collected 629 gold pieces.
You spent 519 gold pieces at shops.

Inventory:

Hand Weapons
 a - a +0 long sword (weapon)
 L - a +0 short sword of electrocution
 Q - a +0 executioner's axe
Armour
 b - a +0 scale mail
 c - a +0 shield (worn)
 k - a +1 pair of boots (worn)
 D - a +0 cloak of poison resistance (worn)
 E - a +0 chain mail (worn)
 O - a +0 cloak
Jewellery
 d - a +3 ring of strength
 e - an amulet of magic regeneration (around neck)
 h - an uncursed ring of positive energy
 i - a +5 ring of dexterity (right hand)
 w - an uncursed ring of teleportation
 z - a +3 ring of strength (left hand)
Wands
 A - a wand of flame (0/48)
 N - a wand of disintegration (0/24)
Scrolls
 j - 2 scrolls of teleportation
 m - a scroll of brand weapon
 n - 2 scrolls of enchant armour
 o - a scroll of magic mapping
 s - 2 scrolls of fog
 v - a scroll of blinking {unknown}
 y - a scroll of fear {unknown}
 H - a scroll of amnesia {unknown}
 I - 3 scrolls of remove curse
 K - a scroll of random uselessness
 M - 2 scrolls of enchant weapon
 P - a scroll of immolation {unknown}
Potions
 l - 3 potions of mutation
 p - 2 potions of brilliance
 u - a potion of degeneration
 x - a potion of flight
 B - a potion of cancellation
Books
 r - a book of Cantrips

   Spells                             Type                      Level
   a - Confusing Touch                Hexes                        1
   b - Animate Skeleton               Necromancy                   1
   c - Summon Small Mammal            Summoning                    1
   d - Apportation                    Translocation                1
 F - a book of Battle

   Spells                             Type                      Level
   a - Infusion                       Charms                       1
   b - Shroud of Golubria             Charms/Translocation         2
   c - Song of Slaying                Charms                       2
   d - Spectral Weapon                Hexes/Charms                 3
   e - Regeneration                   Charms/Necromancy            3
Comestibles
 f - 3 bread rations
 g - 3 fruits
 q - 2 royal jellies
 C - 3 meat rations


   Skills:
 + Level 10.8 Fighting
 + Level 10.6 Long Blades
 - Level 11.3 Armour
 - Level 7.7 Shields
 + Level 1.0 Evocations


You had 11 spell levels left.
You didn't know any spells.

Dungeon Overview and Level Annotations

Branches:
Dungeon (10/15)            Temple (1/1) D:5            Lair (1/6) D:9
    Orc (0/2) D:9

Altars:
Ashenzari
Cheibriados
Dithmenos
Elyvilon
Fedhas
Gozag
Hepliaklqana
Kikubaaqudgha
Makhleb
Nemelex Xobeh
Okawaru
Qazlal
Ru
Sif Muna
Trog
Uskayaw
Vehumet
Wu Jian
Xom
Yredelemnul
Zin
The Shining One

Shops:
D:9 ?(

Annotations:
D:9 Fannar


Innate Abilities, Weirdness & Mutations

You cannot be hasted, slowed, berserked, paralysed or teleported.
You can dig through walls and to a lower floor.
Your four strong arms can wield two-handed weapons with a shield.
You have a pair of large antennae on your head. (SInv)


Message History

Fannar is almost dead.
You block the ice beast's attack.
The ice beast hits you but does no damage.
You block Fannar's attack.
You slash Fannar!
Fannar is almost dead.
You block the ice beast's attack. The ice beast hits you.
* * * LOW HITPOINT WARNING * * *
The ice beast freezes you!
* * * LOW HITPOINT WARNING * * *
You feel better.
Fannar gestures wildly while chanting.
Fannar blinks!
You block the ice beast's attack.
The ice beast hits you but does no damage.
You hit Fannar but do no damage.
Fannar is almost dead.
Fannar mumbles some strange words.
Fannar drains the heat from the surrounding environment!
You feel very cold.
You die...

##.# #....# #.# #...#### #.###
#....# #.# #......# ##).#
#....########.######......#
#..###.........................#
###)##.........................#
###.###......#########..........#
.............###.###)#..........#
.............##e#.#.#...........#
..##.###.....#.#@#.###..........#
..#...['..∩..##Y#Y## ##...#######
..#...[#(....#.#Y######...#
..#....#.....#...#...##...#
..#....([.................#######
..##'###[.........P.............#
...............P.PPP............#
...............PP.P.♣...........#
###........PP..........P..#######


You could see Fannar and 2 ice beasts.

Vanquished Creatures
  3 two-headed ogres
  The ghost of grindst0ne the Shield-Bearer, a novice FoFi of Trog (D:5)
  A spiny frog (D:9)
  Maurice (D:8)
  2 kobold demonologists
  A troll (D:9)
  A hippogriff (D:9)
  3 blink frogs
  A wyvern (D:9)
  2 basilisks (D:9)
  4 wargs (D:9)
  A water moccasin (D:9)
  4 porcupines (D:9)
  4 orc warriors
  3 ice beasts
  3 sky beasts
  A phantom (D:8)
  A black bear (D:9)
  4 wolves (D:9)
  3 centaurs
  5 crocodiles (D:9)
  4 ogres
  16 big kobolds (D:8)
  3 bullfrogs
  A water moccasin zombie (D:9)
  A scorpion (D:9)
  A killer bee (D:9)
  4 wights (D:9)
  9 howler monkeys
  2 crimson imps
  A quasit (D:9)
  Crazy Yiuf (D:3)
  A jelly (D:9)
  3 orc priests
  2 hounds
  A centaur skeleton (D:7)
  3 iguanas
  3 orc wizards
  5 worker ants
  A killer bee zombie (D:8)
  A worker ant zombie (D:8)
  8 gnolls
  8 adders
  3 oozes
  2 adder skeletons
  An adder zombie (D:9)
  3 worms
  2 dart slugs
  7 leopard geckos
  29 orcs
  10 giant cockroaches
  19 goblins
  8 hobgoblins
  11 jackals
  3 quokkas
  A ball python (D:6)
  7 bats
  5 frilled lizards
  9 kobolds
  A leopard gecko zombie (D:9)
  9 rats
258 creatures vanquished.

Vanquished Creatures (others)
  A bush (D:9)
  2 fungi (D:9)
  A plant (D:9)
4 creatures vanquished.

Grand Total: 262 creatures vanquished

Notes
Turn   | Place    | Note
-------+----------+-------------------------------------------
     0 | D:1      | grindst0ne the Formicid Fighter began the quest for the Orb.
     0 | D:1      | Reached XP level 1. HP: 18/18 MP: 1/1
   324 | D:1      | Reached XP level 2. HP: 24/24 MP: 2/2
   678 | D:1      | Reached XP level 3. HP: 27/29 MP: 3/3
  1272 | D:2      | Reached XP level 4. HP: 35/35 MP: 4/4
  1298 | D:2      | Reached skill level 5 in Shields
  2039 | D:2      | Reached skill level 4 in Armour
  2391 | D:3      | Reached XP level 5. HP: 39/41 MP: 5/5
  2508 | D:3      | Found a runed door.
  2847 | D:3      | Found a deep blue altar of Sif Muna.
  3450 | D:3      | Noticed Crazy Yiuf
  3457 | D:3      | Killed Crazy Yiuf
  3587 | D:4      | Found a shattered altar of Ashenzari.
  3631 | D:4      | Reached XP level 6. HP: 42/47 MP: 6/6
  3753 | D:4      | Noticed an ice beast
  3765 | D:4      | Killed an ice beast
  3893 | D:4      | Noticed an ogre
  3897 | D:4      | Killed an ogre
  3897 | D:4      | Reached XP level 7. HP: 52/52 MP: 7/7
  4198 | D:4      | Found a radiant altar of Vehumet.
  4201 | D:4      | Found a bloodstained altar of Trog.
  4632 | D:5      | Entered Level 5 of the Dungeon
  4670 | D:5      | Noticed grindst0ne's ghost (novice FoFi)
  5193 | D:5      | Killed grindst0ne's ghost
  5193 | D:5      | Reached skill level 5 in Armour
  5193 | D:5      | Reached XP level 8. HP: 26/60 MP: 8/8
  5669 | D:5      | Reached skill level 5 in Long Blades
  5669 | D:5      | Reached skill level 6 in Armour
  5783 | D:5      | Found a staircase to the Ecumenical Temple.
  5834 | Temple   | Entered the Ecumenical Temple
  5987 | Temple   | Became a worshipper of Warmaster Okawaru
  6383 | D:6      | Reached skill level 5 in Fighting
  6813 | D:6      | Reached * piety under Okawaru
  6813 | D:6      | Reached XP level 9. HP: 37/68 MP: 9/9
  6821 | D:6      | Reached skill level 7 in Armour
  7653 | D:8      | Noticed a two-headed ogre
  7670 | D:7      | Killed a two-headed ogre
  7670 | D:7      | Reached skill level 8 in Armour
  7846 | D:8      | Noticed Maurice
  7862 | D:8      | Reached XP level 10. HP: 68/79 MP: 10/10
  7963 | D:8      | Reached ** piety under Okawaru
  8000 | D:8      | Killed Maurice
  8000 | D:8      | Reached skill level 9 in Armour
  8117 | D:8      | Noticed a kobold demonologist
  8130 | D:8      | Killed a kobold demonologist
  8130 | D:8      | Reached *** piety under Okawaru
  8786 | D:8      | Noticed a two-headed ogre
  8790 | D:8      | Killed a two-headed ogre
  8790 | D:8      | Reached skill level 10 in Armour
  8790 | D:8      | Reached XP level 11. HP: 70/89 MP: 11/11
  8970 | D:8      | Found a shadowy altar of Dithmenos.
  9034 | D:8      | Found an opulent altar of Gozag.
  9093 | D:9      | Found a sparkling altar of Nemelex Xobeh.
  9120 | D:9      | Reached **** piety under Okawaru
  9333 | D:9      | Found a staircase to the Orcish Mines.
 10159 | D:9      | Reached skill level 10 in Fighting
 10583 | D:9      | Found Vuatat's Weapon Shop.
 10878 | D:9      | Reached skill level 10 in Long Blades
 11816 | D:9      | Noticed a two-headed ogre
 11833 | D:9      | Killed a two-headed ogre
 11833 | D:9      | Reached skill level 11 in Armour
 12108 | D:9      | Found Ecsu's Magic Scroll Emporium.
 12114 | D:9      | Bought a scroll of enchant armour for 97 gold pieces
 12114 | D:9      | Bought a scroll of remove curse for 39 gold pieces
 12114 | D:9      | Bought a scroll of brand weapon for 260 gold pieces
 12114 | D:9      | Bought a scroll of fog for 26 gold pieces
 12114 | D:9      | Bought a scroll of enchant weapon for 97 gold pieces
 12121 | D:9      | Found a staircase to the Lair.
 12292 | D:10     | Entered Level 10 of the Dungeon
 12507 | Lair:1   | Entered Level 1 of the Lair of Beasts
 12510 | Lair:1   | Noticed Fannar
 12608 | D:9      | Reached ***** piety under Okawaru
 13044 | Lair:1   | Reached XP level 12. HP: 99/99 MP: 12/12
 13078 | D:9      | Reached skill level 1 in Evocations
 13725 | D:9      | Killed from afar by Fannar

Vault maps used:
D:1:      onia_arrival_mini_maze
D:2:      serial_glass, glass_columns_a, glass_columns_c, minmay_heptomino_d4
D:3:      nicolae_overflow_crystal_walls, uniq_crazy_yiuf_cottage
D:4:      ashenzari_conservatory_becter,
          chequers_temple_overflow_statue_of_worship
D:5:      temple_statues, first_bread
D:7:      grunt_ogre_cave, corexii_item_surrounded_by_moat
D:8:      kennysheep_mini, special_room, grunt_dithmenos_shadows, uniq_maurice
D:9:      nemelex_xobeh_ov_fountains_minmay, minmay_lair_entry_grove,
          minmay_orc_entry_guard_dogs, serial_shops, shop, shop
D:10:     cheibrodos_grave_circle, uniq_snorg
Temple:   eino_temple_rhombus
Lair:1:   st_stairs_11, ldierk_geyser, minivault_27, grunt_megastairs_2,
          uniq_fannar, uniq_nergalle

Skill      XL: |  1  2  3  4  5  6  7  8  9 10 11 12 |
---------------+-------------------------------------+-----
Shields        | 4 5 6 7 |  7.7
Armour         | 4 5 6 8 10 11 | 11.3
Long Blades    | 3 4 5 7 9 10 | 10.6
Fighting       | 4 5 7 9 10 | 10.8
Evocations     | 1 |  1.0

Action                   |  1- 3 |  4- 6 |  7- 9 | 10-12 || total
-------------------------+-------+-------+-------+-------++-------
Melee: Long sword        |   112 |   211 |   331 |   508 ||  1162
       Executioner's axe |       |       |       |   241 ||   241
       Short sword       |       |       |       |    99 ||    99
Invok: Heroism           |       |       |     1 |     1 ||     2
 Abil: Dig               |     1 |     4 |     5 |    21 ||    31
Evoke: Wand              |       |     3 |       |     8 ||    11
  Use: Potion            |       |       |     3 |    10 ||    13
       Scroll            |       |       |    10 |    10 ||    20
 Stab: Distracted        |       |       |       |     1 ||     1
  Eat: Chunk             |     1 |    10 |     8 |    13 ||    32
       Bread ration      |       |       |     1 |     3 ||     4
Armor: Scale mail        |    61 |    82 |       |       ||   143
       Chain mail        |       |    12 |    96 |   418 ||   526
       Skin              |       |       |       |     4 ||     4
Dodge: Dodged            |    41 |    66 |    69 |   269 ||   445
Block: Shield            |    63 |   102 |   157 |   553 ||   875
       Rpst.: Long sword |     8 |    15 |    23 |    35 ||    81
